 Dungeon Crawl Stone Soup version 0.27.0-1-g7a089689b8 (webtiles) character file.

Game seed: 3848395238628210753

66 seveneves the Shield-Bearer (level 4, 0/35 HPs)
             Began as a Formicid Fighter on Aug 4, 2021.
             Slain by a hobgoblin (3 damage)
             ... led by Robin
             ... on level 2 of the Dungeon.
             The game lasted 00:03:23 (1313 turns).

seveneves the Shield-Bearer (Formicid Fighter)      Turns: 1313, Time: 00:03:23

Health: 0/35       AC:  7    Str: 22    XL:     4   Next: 37%
Magic:  4/4        EV:  8    Int:  7    God:
Gold:   53         SH: 10    Dex: 10    Spells: 3/3 levels left

rFire    . . .     SeeInvis +   j - +2 dagger (venom)
rCold    . . .     Faith    .   c - +0 kite shield
rNeg     . . .     Spirit   .   b - +0 scale mail
rPois    .         Reflect  .   (helmet unavailable)
rElec    .         Harm     .   (no cloak)
rCorr    .         Rampage  .   (no gloves)
Will     .....                  (no boots)
Stlth    ..........             (no amulet)
HPRegen  0.11/turn              (no ring)
MPRegen  0.09/turn              (no ring)

@: no status effects
A: permanent stasis, dig shafts and tunnels, antennae 3, four strong arms
a: Dig, Shaft Self


You were on level 2 of the Dungeon.
You visited 1 branch of the dungeon, and saw 2 of its levels.

You collected 53 gold pieces.

Inventory:

Hand Weapons
 a - a +0 long sword
 j - a +2 dagger of venom (weapon)
Armour
 b - a +0 scale mail (worn)
 c - a +0 kite shield (worn)
Scrolls
 e - a scroll of vulnerability {unknown}
Potions
 d - a potion of might
 f - a potion of heal wounds {unknown}
 i - a potion of lignification {unknown}


   Skills:
 + Level 3.5 Fighting
 + Level 0.1(1.2) Short Blades
 + Level 2.1 Long Blades
 + Level 3.8 Armour
 + Level 0.6 Dodging
 + Level 0.2 Stealth
 + Level 4.9 Shields


You had 3 spell levels left.
You didn't know any spells.
Your spell library was empty.

Dungeon Overview and Level Annotations

Branches:
Dungeon (2/15)

Altars:

Annotations:
D:2 Robin


Innate Abilities, Weirdness & Mutations

You cannot be hasted, slowed, berserked, paralysed or teleported.
You can dig through walls and to a lower floor.
You have a pair of large antennae on your head. (SInv)
Your four strong arms can wield two-handed weapons with a shield.


Message History

The goblin hits you but does no damage. The goblin closely misses you.
You hit the goblin.
You kill the goblin!
You block the goblin's attack. The goblin hits you but does no damage.
The goblin hits you with a +0 dagger. The goblin barely misses you.
The goblin hits you but does no damage.
A goblin comes into view. It is wielding a +0 dagger.
The goblin hits you but does no damage.
You hit the goblin.
The goblin is poisoned.
The goblin is moderately wounded.
The goblin hits you but does no damage. x3; You block the hobgoblin's attack.
Robin throws the goblin at you! The goblin hits you with a +0 dagger.
You block the goblin's attack.
You hit the goblin.
You kill the goblin!
You block the goblin's attack. x2; The hobgoblin barely misses you.
The goblin hits you with a +0 dagger.
A goblin comes into view. It is wielding a +0 club.
The goblin hits you but does no damage.
You barely miss the goblin.
The goblin hits you with a +0 dagger. x2
The hobgoblin hits you.
* * * LOW HITPOINT WARNING * * *
The goblin barely misses you. The goblin hits you but does no damage.
Your shield prevents you from hitting Robin.
You block the goblin's attack. Robin hits you with a +0 dagger.
* * * LOW HITPOINT WARNING * * *
The goblin closely misses you.
The hobgoblin hits you but does no damage.
The goblin hits you but does no damage. You block the goblin's attack.
A goblin comes into view. It is wielding a +0 dagger.
You hit Robin but do no damage.
Robin is poisoned.
The goblin hits you but does no damage. The goblin closely misses you.
You block the hobgoblin's attack. The goblin hits you but does no damage.
The goblin hits you with a +0 dagger.
* * * LOW HITPOINT WARNING * * *
You hit Robin.
Robin looks as sick as possible!
Robin is moderately wounded.
The goblin hits you but does no damage. You block Robin's attack.
You block the goblin's attack. The hobgoblin hits you.
You die...

....... ... ####### ..#
####### #####.# {.
....... ...#.# ....
#############.#.###.....g
..†......................
###...##....#.#.###......
##....++....'.#g###......
##....##....###g@ggg.....
......++....+..gggg....#.
##†...##....####.......#
.......+....# #.........
.......#....# #........#
.......#....# #........#
.......#.#..........###.#
.......#.#.#.....#### .#
.......#.#.#.....#


You could see Robin (extremely poisoned), a hobgoblin (strong) and 7 goblins.

Vanquished Creatures
  An adder (D:2)
  2 dart slugs
  4 bats
  6 endoplasms
  5 goblins
  7 hobgoblins
  6 jackals (D:1)
  5 kobolds (D:1)
  A quokka (D:1)
  5 ball pythons (D:1)
  2 frilled lizards
  A rat (D:2)
45 creatures vanquished.

Notes
Turn   | Place    | Note
-------+----------+-------------------------------------------
     0 | D:1      | seveneves the Formicid Fighter began the quest for the Orb.
     0 | D:1      | Reached XP level 1. HP: 18/18 MP: 1/1
    74 | D:1      | Reached skill level 4 in Shields
    74 | D:1      | Reached XP level 2. HP: 21/24 MP: 2/2
   287 | D:1      | Reached XP level 3. HP: 27/29 MP: 3/3
  1227 | D:2      | Reached XP level 4. HP: 30/35 MP: 4/4
  1298 | D:2      | Noticed Robin
  1313 | D:2      | Slain by a hobgoblin

Illustrated notes

Levels and vault maps discovered:
D:1:      beargit_arrival_greenhouse, layout_basic, minmay_strange_pillars,
          st_stairs_11, minmay_misc_feat_secret_circle
D:2:      layout_basic, uniq_robin, uniq_jessica

Skill      XL: |  1 |
---------------+----+-----
Shields        | 4 |  4.9
Fighting       | |  3.5
Short Blades   | |  0.1
Long Blades    | |  2.1
Armour         | |  3.8
Dodging        | |  0.6
Stealth        | |  0.2

Action                   |  1- 3 |  4- 6 || total
-------------------------+-------+-------++-------
Melee: Long sword        |    43 |       ||    43
       Dagger            |    51 |    24 ||    75
 Abil: Dig               |     2 |       ||     2
  Use: Potion            |     2 |       ||     2
       Scroll            |     1 |       ||     1
Armor: Scale mail        |    47 |    33 ||    80
Dodge: Dodged            |    31 |    14 ||    45
Block: Kite shield       |    75 |    21 ||    96
       Rpst.: Long sword |     7 |       ||     7
